[ AOE2 MATCH · #505909871 ]
UnrankedAztecs vs Shu
Player's team · WIN
Rival team · LOSS
[ REPLAY ANALYSIS · EXTRACTED FROM THE RECORDED GAME ]
Feudal
11:54
Castle
20:14
Imperial
32:12
| APM avg | 70.3 |
| APM peak | 107 |
| eAPM avg | 38.4 |
| Villagers / military | 151 / 288 |
Focus
⚔️ 56.5% · 🌾 43.5%
Skirmisher ×242 · Eagle Scout ×25 · Militia ×7 · Trebuchet (Packed) ×5 · Mangonel ×3 · Jaguar Warrior ×3
Feudal
8:27
Castle
18:55
Imperial
29:29
| APM avg | 75.3 |
| APM peak | 121 |
| eAPM avg | 32.6 |
| Villagers / military | 133 / 122 |
Focus
⚔️ 40.5% · 🌾 59.5%
Archer ×78 · Skirmisher ×32 · Mangonel ×10 · Unknown (1942) ×10 · Monk ×2 · Unknown (1959) ×2
Match map
Initial resources + every placement click. Lines = walls · curves = elevation contours. ◆ gold · ⬟ stone · ● berries · ✦ relic · ◌ wall gap
Your base· ✓ Closed at 20:14 · 54t walls · 1 gate(s)
ThunderboltX's base· Open — opponent sealed themselves in
Smoothed initial terrain · ◌ = detected wall gap · hover for details
Inputs per minute
— TAG_Sitaux - - ThunderboltX
Build order — TAG_Sitaux
First 150 of 655 actions detected
| 0:00 | Create | Villager (Male) |
| 0:00 | Create | Villager (Male) |
| 0:01 | Build | House |
| 0:02 | Build | House |
| 0:49 | Create | Villager (Male) |
| 1:12 | Create | Villager (Male) |
| 1:31 | Create | Villager (Male) |
| 1:59 | Create | Villager (Male) |
| 2:25 | Create | Villager (Male) |
| 2:51 | Create | Villager (Male) |
| 2:58 | Build | House |
| 3:17 | Create | Villager (Male) |
| 3:35 | Create | Villager (Male) |
| 3:45 | Build | Barracks |
| 3:59 | Create | Villager (Male) |
| 4:01 | Build | Palisade Wall |
| 4:02 | Build | Palisade Wall |
| 4:29 | Create | Villager (Male) |
| 4:48 | Build | House |
| 4:53 | Create | Villager (Male) |
| 4:58 | Create | Militia |
| 4:58 | Create | Militia |
| 5:15 | Create | Villager (Male) |
| 5:38 | Create | Villager (Male) |
| 5:39 | Create | Militia |
| 5:40 | Create | Militia |
| 5:46 | Build | Lumber Camp |
| 6:03 | Create | Militia |
| 6:03 | Create | Militia |
| 6:11 | Build | House |
| 6:16 | Create | Villager (Male) |
| 6:35 | Create | Militia |
| 6:46 | Create | Villager (Male) |
| 7:04 | Create | Villager (Male) |
| 7:26 | Build | Mill |
| 7:36 | Create | Villager (Male) |
| 7:44 | Build | House |
| 7:45 | Build | Palisade Wall |
| 7:45 | Build | Palisade Wall |
| 7:58 | Create | Villager (Male) |
| 8:02 | Build | Palisade Wall |
| 8:24 | Create | Villager (Male) |
| 8:33 | Build | Farm |
| 8:50 | Create | Villager (Male) |
| 9:13 | Build | Palisade Wall |
| 9:17 | Research | Loom |
| 9:31 | Build | Palisade Wall |
| 9:44 | Research | Feudal Age |
| 9:56 | Build | Palisade Wall |
| 10:54 | Build | Mining Camp |
| 11:00 | Build | Farm |
| 11:16 | Build | Palisade Wall |
| 11:20 | Create | Villager (Male) |
| 11:36 | Build | Farm |
| 11:40 | Build | Farm |
| 11:41 | Build | Farm |
| 11:54 | Age | Feudal Age |
| 11:55 | Build | Archery Range |
| 11:57 | Research | Double-Bit Axe |
| 11:58 | Research | Double-Bit Axe |
| 12:01 | Research | Man-at-Arms (upgrade) |
| 12:01 | Research | Man-at-Arms (upgrade) |
| 12:08 | Create | Villager (Male) |
| 12:29 | Create | Villager (Male) |
| 12:30 | Build | House |
| 12:54 | Create | Villager (Male) |
| 12:58 | Create | Skirmisher |
| 13:08 | Build | Farm |
| 13:10 | Research | Horse Collar |
| 13:13 | Build | Farm |
| 13:16 | Build | Farm |
| 13:19 | Create | Villager (Male) |
| 13:21 | Build | Farm |
| 13:23 | Create | Skirmisher |
| 13:27 | Create | Eagle Scout |
| 13:38 | Create | Skirmisher |
| 13:38 | Create | Villager (Male) |
| 13:47 | Create | Skirmisher |
| 13:52 | Build | Farm |
| 13:59 | Create | Skirmisher |
| 14:13 | Build | Farm |
| 14:15 | Create | Skirmisher |
| 14:18 | Create | Villager (Male) |
| 14:26 | Build | Farm |
| 14:31 | Build | House |
| 14:32 | Build | House |
| 14:50 | Create | Spearman |
| 14:51 | Create | Villager (Male) |
| 14:59 | Build | Palisade Wall |
| 15:06 | Build | House |
| 15:08 | Build | Farm |
| 15:10 | Build | Farm |
| 15:11 | Create | Villager (Male) |
| 15:45 | Create | Villager (Male) |
| 15:55 | Build | Blacksmith |
| 16:13 | Create | Villager (Male) |
| 16:14 | Build | Lumber Camp |
| 16:35 | Create | Villager (Male) |
| 16:45 | Build | Farm |
| 16:46 | Build | Farm |
| 16:58 | Create | Villager (Male) |
| 17:00 | Build | House |
| 17:01 | Build | House |
| 17:22 | Build | House |
| 17:23 | Build | House |
| 17:24 | Build | House |
| 17:34 | Research | Castle Age |
| 17:34 | Research | Castle Age |
| 17:34 | Create | Skirmisher |
| 17:40 | Create | Skirmisher |
| 18:04 | Build | Farm |
| 18:06 | Build | Farm |
| 18:07 | Create | Skirmisher |
| 18:20 | Research | Fletching |
| 18:26 | Create | Skirmisher |
| 18:33 | Build | Palisade Gate |
| 18:38 | Create | Skirmisher |
| 18:45 | Research | Padded Archer Armor |
| 18:49 | Create | Skirmisher |
| 19:13 | Create | Skirmisher |
| 19:21 | Build | House |
| 19:22 | Build | House |
| 19:42 | Create | Skirmisher |
| 20:00 | Create | Villager (Male) |
| 20:14 | Age | Castle Age |
| 20:16 | Research | Elite Skirmisher (upgrade) |
| 20:16 | Research | Bodkin Arrow |
| 20:16 | Research | Bodkin Arrow |
| 20:18 | Research | Bow Saw |
| 20:22 | Build | Town Center |
| 20:31 | Create | Villager (Male) |
| 20:36 | Research | Wheelbarrow |
| 20:36 | Research | Wheelbarrow |
| 20:54 | Build | Monastery |
| 21:08 | Create | Villager (Male) |
| 21:16 | Create | Skirmisher |
| 21:22 | Create | Skirmisher |
| 21:39 | Research | Leather Archer Armor |
| 21:41 | Create | Monk |
| 21:55 | Create | Villager (Male) |
| 21:56 | Create | Villager (Male) |
| 22:00 | Research | Gold Mining |
| 22:02 | Create | Skirmisher |
| 22:13 | Create | Villager (Male) |
| 22:17 | Create | Villager (Male) |
| 22:23 | Create | Villager (Male) |
| 22:28 | Create | Skirmisher |
| 22:33 | Create | Villager (Male) |
| 22:36 | Create | Villager (Male) |
| 22:45 | Build | Siege Workshop |
Build order — ThunderboltX
First 150 of 420 actions detected
| 0:00 | Create | Villager (Male) |
| 0:01 | Build | House |
| 0:02 | Build | House |
| 0:05 | Create | Villager (Male) |
| 0:05 | Create | Villager (Male) |
| 0:06 | Create | Villager (Male) |
| 1:25 | Create | Villager (Male) |
| 1:25 | Create | Villager (Male) |
| 1:46 | Build | Mill |
| 1:52 | Create | Villager (Male) |
| 2:13 | Create | Villager (Male) |
| 2:45 | Create | Villager (Male) |
| 3:09 | Create | Villager (Male) |
| 3:29 | Create | Villager (Male) |
| 3:50 | Build | House |
| 3:55 | Create | Villager (Male) |
| 4:26 | Create | Villager (Male) |
| 4:32 | Build | House |
| 4:52 | Create | Villager (Male) |
| 5:12 | Create | Villager (Male) |
| 5:13 | Research | Loom |
| 5:52 | Build | Lumber Camp |
| 6:17 | Research | Feudal Age |
| 7:07 | Build | Palisade Wall |
| 7:33 | Build | Barracks |
| 7:36 | Build | Palisade Wall |
| 7:42 | Build | Palisade Wall |
| 7:49 | Create | Villager (Male) |
| 8:27 | Age | Feudal Age |
| 8:31 | Build | Archery Range |
| 8:42 | Build | Palisade Wall |
| 8:45 | Build | Palisade Wall |
| 8:48 | Build | Palisade Wall |
| 8:50 | Build | House |
| 9:03 | Create | Villager (Male) |
| 9:10 | Create | Villager (Male) |
| 9:11 | Research | Double-Bit Axe |
| 9:12 | Create | Archer |
| 9:21 | Create | Villager (Male) |
| 9:56 | Create | Villager (Male) |
| 9:58 | Create | Skirmisher |
| 10:05 | Build | Palisade Wall |
| 10:05 | Build | Palisade Wall |
| 10:14 | Build | Mill |
| 10:18 | Create | Villager (Male) |
| 10:46 | Build | House |
| 10:49 | Create | Villager (Male) |
| 10:57 | Build | Farm |
| 10:57 | Build | Farm |
| 11:08 | Build | Farm |
| 11:11 | Build | Farm |
| 11:30 | Create | Skirmisher |
| 11:30 | Create | Villager (Male) |
| 11:33 | Create | Villager (Male) |
| 11:40 | Build | Farm |
| 11:41 | Create | Villager (Male) |
| 11:42 | Build | Farm |
| 11:43 | Build | Farm |
| 11:55 | Build | Farm |
| 12:07 | Create | Villager (Male) |
| 12:10 | Create | Skirmisher |
| 12:59 | Create | Villager (Male) |
| 13:02 | Build | Farm |
| 13:03 | Build | Farm |
| 13:23 | Create | Villager (Male) |
| 13:37 | Build | Mining Camp |
| 13:52 | Create | Villager (Male) |
| 14:07 | Build | House |
| 14:09 | Build | House |
| 14:10 | Research | Wheelbarrow |
| 14:16 | Build | House |
| 14:48 | Build | Blacksmith |
| 14:52 | Create | Villager (Male) |
| 15:17 | Build | House |
| 15:36 | Create | Villager (Male) |
| 15:47 | Build | Archery Range |
| 15:59 | Build | House |
| 16:13 | Research | Castle Age |
| 16:47 | Create | Archer |
| 16:51 | Build | House |
| 16:58 | Build | Lumber Camp |
| 17:03 | Create | Archer |
| 17:03 | Create | Archer |
| 17:12 | Research | Horse Collar |
| 17:14 | Research | Gold Mining |
| 17:29 | Create | Archer |
| 17:29 | Create | Archer |
| 17:51 | Research | Fletching |
| 17:56 | Create | Archer |
| 18:09 | Build | House |
| 18:16 | Create | Archer |
| 18:16 | Create | Archer |
| 18:36 | Build | Palisade Wall |
| 18:44 | Create | Archer |
| 18:55 | Build | House |
| 18:55 | Age | Castle Age |
| 18:59 | Create | Villager (Male) |
| 19:00 | Research | Crossbowman (upgrade) |
| 19:04 | Research | Bow Saw |
| 19:13 | Build | Siege Workshop |
| 19:18 | Create | Villager (Male) |
| 19:36 | Research | Bodkin Arrow |
| 19:41 | Create | Villager (Male) |
| 19:53 | Create | Villager (Male) |
| 19:54 | Create | Archer |
| 19:54 | Create | Archer |
| 20:05 | Create | Mangonel |
| 20:17 | Create | Villager (Male) |
| 20:18 | Build | Farm |
| 20:18 | Build | Farm |
| 20:20 | Create | Archer |
| 20:20 | Create | Archer |
| 20:31 | Build | Mining Camp |
| 20:37 | Create | Archer |
| 20:42 | Create | Villager (Male) |
| 20:43 | Build | Farm |
| 20:55 | Create | Archer |
| 21:02 | Create | Villager (Male) |
| 21:12 | Create | Archer |
| 21:13 | Build | Farm |
| 21:14 | Build | Farm |
| 21:25 | Create | Villager (Male) |
| 21:26 | Create | Archer |
| 21:26 | Create | Archer |
| 21:46 | Create | Mangonel |
| 21:58 | Create | Villager (Male) |
| 22:06 | Build | Monastery |
| 22:26 | Create | Villager (Male) |
| 22:29 | Create | Archer |
| 22:29 | Create | Archer |
| 22:48 | Create | Mangonel |
| 22:49 | Create | Villager (Male) |
| 22:50 | Create | Monk |
| 23:02 | Create | Archer |
| 23:02 | Create | Archer |
| 23:03 | Create | Villager (Male) |
| 23:29 | Create | Villager (Male) |
| 23:30 | Build | Farm |
| 23:31 | Build | Farm |
| 23:35 | Build | Farm |
| 23:36 | Build | Farm |
| 23:52 | Create | Monk |
| 24:28 | Create | Villager (Male) |
| 24:29 | Create | Villager (Male) |
| 24:30 | Build | University |
| 24:43 | Create | Archer |
| 24:44 | Create | Archer |
| 25:07 | Build | House |
| 25:08 | Build | House |
| 25:10 | Build | House |
Match timeline
| 3:45 | TAG_Sitaux · first_building Barracks |
| 4:01 | TAG_Sitaux · wall_segment Palisade Wall x1 |
| 4:02 | TAG_Sitaux · wall_segment Palisade Wall x1 |
| 7:07 | ThunderboltX · wall_segment Palisade Wall x6 |
| 7:33 | ThunderboltX · first_building Barracks |
| 7:36 | ThunderboltX · wall_segment Palisade Wall x1 |
| 7:42 | ThunderboltX · wall_segment Palisade Wall x6 |
| 7:45 | TAG_Sitaux · wall_segment Palisade Wall x4 |
| 7:45 | TAG_Sitaux · wall_segment Palisade Wall x10 |
| 8:02 | TAG_Sitaux · wall_segment Palisade Wall x7 |
| 8:27 | ThunderboltX · age_up feudal |
| 8:31 | ThunderboltX · first_building Archery Range |
| 8:42 | ThunderboltX · wall_segment Palisade Wall x1 |
| 8:45 | ThunderboltX · wall_segment Palisade Wall x1 |
| 8:48 | ThunderboltX · wall_segment Palisade Wall x1 |
| 9:13 | TAG_Sitaux · wall_segment Palisade Wall x12 |
| 9:31 | TAG_Sitaux · wall_segment Palisade Wall x8 |
| 9:56 | TAG_Sitaux · wall_segment Palisade Wall x14 |
| 10:05 | ThunderboltX · wall_segment Palisade Wall x1 |
| 10:05 | ThunderboltX · wall_segment Palisade Wall x3 |
| 11:16 | TAG_Sitaux · wall_segment Palisade Wall x4 |
| 11:54 | TAG_Sitaux · age_up feudal |
| 11:55 | TAG_Sitaux · first_building Archery Range |
| 14:59 | TAG_Sitaux · wall_segment Palisade Wall x1 |
| 18:36 | ThunderboltX · wall_segment Palisade Wall x1 |
| 18:55 | ThunderboltX · age_up castle |
| 19:13 | ThunderboltX · first_building Siege Workshop |
| 20:14 | TAG_Sitaux · age_up castle |
| 20:54 | TAG_Sitaux · first_building Monastery |
| 22:06 | ThunderboltX · first_building Monastery |
| 22:45 | TAG_Sitaux · first_building Siege Workshop |
| 28:03 | TAG_Sitaux · wall_segment Palisade Wall x1 |
| 28:52 | TAG_Sitaux · first_market_sell 500 wood |
| 28:53 | TAG_Sitaux · first_market_buy 100 food |
| 29:29 | ThunderboltX · age_up imperial |
| 32:12 | TAG_Sitaux · age_up imperial |
| 34:39 | TAG_Sitaux · first_building Castle |
| 40:03 | TAG_Sitaux · wall_segment Stone Wall x1 |
| 40:05 | TAG_Sitaux · wall_segment Stone Wall x1 |
| 42:40 | ThunderboltX · first_market_buy 100 stone |
| 42:43 | ThunderboltX · first_building Castle |
| 45:39 | ThunderboltX · resign |
[ AI ANALYSIS · 1 CREDIT ]
What really happened in this match?
Wolo.gg analyzes every decision: build order, eco, micro, common mistakes by bracket. Personalized analysis on WhatsApp or Discord in 30 seconds.
Civ guide
Aztecs
Perfil
Jugador #212721